cohdb
Replays
Latest Replays
All Replays
Popular Replays
Top Player Replays
Match Explorer
How It Works
Community
CoH3 Stats
Reddit
Sign in to upload your games and track your stats! →
Sign in with Steam
Match 42820266
Unlisted
Match 42820266
Overview
Messages
Build Orders
End
Kradschützen Motorcycle Team
Panzerpioneer Squad
Selects Armored Support Battlegroup
Panzergrenadier Squad
250 Light Carrier
Panzergrenadier Squad
Construct Light Support Kompanie
Combat Half-tracks
Assault Mechanized Group
Fire Support Elements
Flakvierling Half-track
Vehicle Survival Package
Veteran Squad Leaders
Selects Salvage Kits
Selects Veteran Gunners
Flakvierling Half-track
Panzerjäger Mechanized Group
2.5-tonne Medical Truck
Construct Panzerarmee Kommand
Selects Flammpanzer III Medium Tank
Flammpanzer III Medium Tank
Emergency Repair Kits
Armored Reserves
Panzer IV Assault Group
Walking Stuka Rocket Launcher
Selects Panzer Storm
Selects Stuka Anti-tank Loiter
Stuka Anti-tank Loiter
2.5-tonne Medical Truck
Trion
TantheMan415
0
0
Comments
sign in to comment!
No comments posted yet!